 Dungeon Crawl Stone Soup version 0.21.1-1-g345015f (webtiles) character file.

189 glosham the Skirmisher (level 5, 0/54 HPs)
             Began as a Troll Berserker on Apr 14, 2018.
             Was a Believer of Trog.
             Killed by nerve-wracking pain
             ... invoked by Grinder
              (11 damage)
             ... while paralysed by Grinder
             ... on level 3 of the Dungeon.
             The game lasted 00:16:14 (615 turns).

glosham the Skirmisher (Troll Berserker)             Turns: 615, Time: 00:16:15

Health: 0/54       AC:  5    Str: 30    XL:     5   Next: 40%
Magic:  4/4        EV:  1    Int:  7    God:    Trog [**....]
Gold:   41         SH:  0    Dex: 10    Spells: 4/4 levels left

rFire    . . .     SeeInvis .   b - +2 dagger (venom)
rCold    . . .     Gourm    +   (no shield)
rNeg     . . .     Faith    .   k - +0 animal skin
rPois    .         Spirit   .   (helmet restricted)
rElec    .         Reflect  .   (no cloak)
rCorr    .         Harm     .   (gloves unavailable)
MR       .....                  (boots unavailable)
Stlth    +.........             (no amulet)
HPRegen  0.58/turn              e - +4 ring of intelligence
MPRegen  0.09/turn              (no ring)

@: paralysed, mighty, berserk cooldown, slowed
A: large, unfitting armour, claws 3, fast metabolism 3, gourmand, regeneration
1, shaggy fur 1, tough skin 2
a: Berserk, Trog's Hand, Burn Spellbooks, Renounce Religion


You were on level 3 of the Dungeon.
You worshipped Trog.
Trog was pleased with you.
You were full.

You visited 1 branch of the dungeon, and saw 3 of its levels.

You collected 41 gold pieces.

Inventory:

Hand Weapons
 a - a +0 hand axe
 b - a +2 dagger of venom (weapon)
Armour
 k - a +0 animal skin (worn)
Magical Staves
 h - an uncursed staff of power {unknown}
Jewellery
 e - a +4 ring of intelligence (left claw)
Scrolls
 j - a scroll of remove curse
Potions
 d - a potion of heal wounds
 f - a potion of might
 g - a potion of resistance {unknown}
Comestibles
 c - 5 rations
 i - a chunk of flesh


   Skills:
 * Level 4.0 Fighting
 * Level 4.0 Axes
 - Level 2.4 Dodging


You had 4 spell levels left.
You didn't know any spells.

Dungeon Overview and Level Annotations

Branches:
Dungeon (3/15)

Altars:
Xom

Annotations:
D:3 Grinder


Innate Abilities, Weirdness & Mutations

You are too large for most types of armour.
You have claws for hands.
Your metabolism is lightning-fast.
You like to eat raw meat.
Your natural rate of healing is unusually fast.
You are covered in fur. (AC +1)
You have very tough skin. (AC +2)


Message History

You puncture something! Trog accepts your kill.
Trog appreciates your killing of a magic user.
Reactivating autopickup.
Your Fighting skill increases to level 4!
Your Axes skill increases to level 4!
You have reached level 4!
You have reached level 5!
You feel a bit more experienced. The rat bites you.
* * * LOW HITPOINT WARNING * * *
Grinder hits you but does no damage.
You barely miss Grinder. The rat bites you but does no damage.
You closely miss Grinder.
Your skin stops crawling.
You feel less resistant to hostile enchantments.
Grinder hits you but does no damage.
You puncture Grinder!
Grinder is moderately wounded.
The rat bites you.
* * * LOW HITPOINT WARNING * * *
Grinder barely misses you.
You barely miss Grinder.
Grinder is moderately wounded.
The rat closely misses you.
You puncture Grinder!
Grinder is heavily wounded.
You found a shaft!
Grinder drinks a potion.
Grinder is healed!
You puncture Grinder!
Grinder is moderately wounded.
You are no longer berserk.
You are exhausted.
You feel yourself slow down. The rat bites you.
* * * LOW HITPOINT WARNING * * *
Grinder gestures at you.
You suddenly lose the ability to move!
The rat bites you.
* * * LOW HITPOINT WARNING * * *
Grinder gestures at you. Pain shoots through your body!
You die...

##. #..
###..# .....
#
#...####^#..
#...........
#...)5......
#..r@##
#...<.#
#####.# .#
.# .# .# .#
.#


You could see Grinder and a rat.

Vanquished Creatures
  Sigmund (D:3)
  An adder (D:3)
  2 oozes (D:1)
  3 giant cockroaches
  6 goblins
  3 hobgoblins (D:1)
  2 ball pythons
  2 bats
  A frilled lizard (D:2)
  A kobold (D:1)
  8 rats (D:1)
30 creatures vanquished.

Notes
Turn   | Place    | Note
-------+----------+-------------------------------------------
     0 | D:1      | glosham the Troll Berserker began the quest for the Orb.
     0 | D:1      | Reached XP level 1. HP: 22/22 MP: 0/0
    29 | D:1      | Reached XP level 2. HP: 29/29 MP: 1/1
   118 | D:2      | Found a shimmering altar of Xom.
   385 | D:1      | Reached skill level 3 in Axes
   386 | D:1      | Reached skill level 3 in Fighting
   423 | D:1      | Reached XP level 3. HP: 36/37 MP: 2/2
   464 | D:2      | Reached ** piety under Trog
   590 | D:3      | Noticed Grinder
   590 | D:3      | Noticed Sigmund
   608 | D:3      | Killed Sigmund
   608 | D:3      | Reached skill level 4 in Fighting
   608 | D:3      | Reached skill level 4 in Axes
   608 | D:3      | Reached XP level 4. HP: 17/48 MP: 3/3
   608 | D:3      | Reached XP level 5. HP: 20/54 MP: 4/4
   614 | D:3      | Paralysed by Grinder for 5 turns
   615 | D:3      | Killed from afar by Grinder

Skill      XL: |  1  2  3 |
---------------+----------+-----
Axes           | 3 4 |  4.0
Fighting       | 3 4 |  4.0
Dodging        | |  2.4

Action                   |  1- 3 |  4- 6 || total
-------------------------+-------+-------++-------
Melee: Hand axe          |    62 |       ||    62
       Dagger            |    14 |     6 ||    20
Invok: Berserk           |     1 |       ||     1
       Trog's Hand       |     1 |       ||     1
  Use: Scroll            |     3 |       ||     3
       Potion            |     1 |       ||     1
  Eat: Chunk             |    10 |       ||    10
Armor: Animal skin       |    31 |     3 ||    34
Dodge: Dodged            |    43 |     2 ||    45

Table legend:
 A = Turns spent in this place as a percentage of turns spent in the entire game.
 B = Non-inter-level travel turns spent in this place as a percentage of non-inter-level travel turns spent in the entire game.
 C = Inter-level travel turns spent in this place as a percentage of turns spent in this place.
 D = Turns resting spent in this place as a percentage of non-inter-level travel turns spent in this place.
 E = Turns spent auto-exploring this place as a percentage of non-inter-level travel turns spent in this place.
 F = Non-inter-level travel turns spent in this place divided by the number of levels of this place that you've seen.
                   A       B       C       D       E      F
               +-------+-------+-------+-------+-------+----------------------
         Total | 100.0 | 100.0 |   3.3 |   0.0 |   0.0 | 198.3
       Dungeon | 100.0 | 100.0 |   3.3 |   0.0 |   0.0 | 198.3
               +-------+-------+-------+-------+-------+----------------------

Table legend:
 A = Kills in this place as a percentage of kills in entire the game.
 B = Kills by you in this place as a percentage of kills by you in the entire game.
 C = Kills by friends in this place as a percentage of kills by friends in the entire game.
 D = Other kills in this place as a percentage of other kills in the entire game.
 E = Experience gained in this place as a percentage of experience gained in the entire game.
 F = Experience gained in this place divided by the number of levels of this place that you have seen.
                   A       B       C       D       E      F
               +-------+-------+-------+-------+-------+----------------------
         Total | 100.0 | 100.0 |   N/A |   N/A | 100.0 |  90.0
       Dungeon | 100.0 | 100.0 |   N/A |   N/A | 100.0 |  90.0
               +-------+-------+-------+-------+-------+----------------------

Vault maps used:
D:1:      dpeg_arrival_ratfight, minmay_misc_feat_diagonals
D:2:      overflow_temple_1_default, first_ration
D:3:      uniq_grinder, uniq_sigmund
